PCL
CALGARY COWBOYS @ HOUSTON HAMMERTIME
06/23/2023
 
TOP OF THE 1ST
Calgary Cowboys batting - Pitching for Houston Hammertime : RHP Norberto Méndez
Pitching: RHP Norberto Méndez
Batting: RHB Clark Hodge 0-0: Called Strike
0-1: Called Strike
0-2: Foul Ball, location: 2F
0-2: Strikes out swinging
Batting: LHB Donald Schultz 0-0: Called Strike
0-1: Ball
1-1: Ball
2-1: Swinging Strike
2-2: Ball
3-2: Foul Ball, location: 2F
3-2: Strikes out swinging
Batting: RHB Dan Wyatt 0-0: Ball
1-0: SOLO HOME RUN (Flyball, 7LD), Distance : 341 ft
Batting: RHB Cristián Peña 0-0: Ball
1-0: Called Strike
1-1: Foul Ball, location: 2F
1-2: Ball
2-2: Fly out, F8 (Flyball, 8RM)
Top of the 1st over - 1 run(s), 1 hit(s), 0 error(s), 0 left on base; Calgary 1 - Houston 0
BOTTOM OF THE 1ST
Houston Hammertime batting - Pitching for Calgary Cowboys : RHP Abraham Hes
Pitching: RHP Abraham Hes
Batting: RHB John Pick 0-0: Ball
1-0: Called Strike
1-1: Ball
2-1: Fly out, F2 (Popup, 2LF)
Batting: LHB José Villegas 0-0: Ball
1-0: Ball
2-0: Ball
3-0: Base on Balls
Batting: RHB Buck Jones 0-0: Ball
1-0: Ball
2-0: Foul Ball, location: 2F
2-1: Swinging Strike
2-2: SINGLE (Groundball, 56D) (infield hit)
José Villegas to second
Batting: SHB Cristo Ontiveros 0-0: Swinging Strike
0-1: Foul Ball, location: 2F
0-2: SINGLE (Line Drive, 7LS)
José Villegas to third
Buck Jones to second
Batting: RHB Gerald Burnett 0-0: Ball
1-0: Called Strike
1-1: Swinging Strike
1-2: SINGLE (Groundball, 4D) (infield hit)
José Villegas scores
Buck Jones to third
Cristo Ontiveros to second
Batting: RHB Emílio Carrillo 0-0: Ball
1-0: Ball
Wild Pitch!
Buck Jones scores
Cristo Ontiveros to third
Gerald Burnett to second
2-0: Fly out, F3 (Popup, 23F)
Batting: RHB Santo Cruz 0-0: Ball
1-0: Foul Ball, location: 2F
1-1: Called Strike
1-2: Fly out, F8 (Flyball, 8RM)
Bottom of the 1st over - 2 run(s), 3 hit(s), 0 error(s), 2 left on base; Calgary 1 - Houston 2
TOP OF THE 2ND
Calgary Cowboys batting - Pitching for Houston Hammertime : RHP Norberto Méndez
Batting: LHB Al Ryan 0-0: Called Strike
0-1: Ball
1-1: Ball
2-1: Called Strike
2-2: Foul Ball, location: 2F
2-2: Ball
3-2: SINGLE (Groundball, 34D)
Batting: RHB Ramón Martínez 0-0: Ball
1-0: Swinging Strike
1-1: Grounds into double play, 5-4-3 (Groundball, 5F)
Batting: RHB Jesús Hernández 0-0: Called Strike
0-1: SINGLE (Groundball, 34)
Batting: RHB Tom Yarbrough 0-0: Called Strike
0-1: DOUBLE (Line Drive, 8LXD)
Jesús Hernández to third
Runner from 3rd tries for Home, SAFE, no throw or cutoff
Batting: RHB Iain Liefting 0-0: Ball
1-0: Foul Ball, location: 2F
1-1: Called Strike
1-2: Ball
2-2: Ground out 5-3 (Groundball, 5S)
Top of the 2nd over - 1 run(s), 3 hit(s), 0 error(s), 1 left on base; Calgary 2 - Houston 2
BOTTOM OF THE 2ND
Houston Hammertime batting - Pitching for Calgary Cowboys : RHP Abraham Hes
Batting: RHB Mario Beltrán 0-0: Called Strike
0-1: Ball
1-1: Ball
2-1: Swinging Strike
2-2: Strikes out swinging
Batting: LHB Fernando Camacho 0-0: Called Strike
0-1: Swinging Strike
0-2: Ball
1-2: Ball
2-2: Ball
3-2: Foul Ball, location: 2F
3-2: Fly out, F4 (Popup, 4S)
Batting: RHB John Pick 0-0: Ball
1-0: Fly out, F5 (Popup, 5F)
Bottom of the 2nd over - 0 run(s), 0 hit(s), 0 error(s), 0 left on base; Calgary 2 - Houston 2
TOP OF THE 3RD
Calgary Cowboys batting - Pitching for Houston Hammertime : RHP Norberto Méndez
Batting: RHB Clark Hodge 0-0: Foul Ball, location: 2F
0-1: Ball
1-1: Foul Ball, location: 2F
1-2: Ground out 4-3 (Groundball, 4M)
Batting: LHB Donald Schultz 0-0: Ball
1-0: Ball
2-0: Foul Ball, location: 2F
2-1: Ball
3-1: Reached on Error, E7 (Flyball, 78M)
Batting: RHB Dan Wyatt 0-0: Ball
1-0: Ball
2-0: Swinging Strike
2-1: Fly out, F4 (Popup, 13S)
Batting: RHB Cristián Peña 0-0: Foul Ball, location: 2F
0-1: Fly out, F8 (Flyball, 8LD)
Top of the 3rd over - 0 run(s), 0 hit(s), 1 error(s), 1 left on base; Calgary 2 - Houston 2
BOTTOM OF THE 3RD
Houston Hammertime batting - Pitching for Calgary Cowboys : RHP Abraham Hes
Batting: LHB José Villegas 0-0: Ball
1-0: Called Strike
1-1: Ball
2-1: Called Strike
2-2: Strikes out swinging
Batting: RHB Buck Jones 0-0: Called Strike
0-1: Ball
1-1: Ball
2-1: Swinging Strike
2-2: Ball
3-2: Base on Balls
Batting: SHB Cristo Ontiveros 0-0: Called Strike
0-1: Swinging Strike
0-2: Ball
Buck Jones is caught stealing 2nd base
1-2: Strikes out swinging
Bottom of the 3rd over - 0 run(s), 0 hit(s), 0 error(s), 0 left on base; Calgary 2 - Houston 2
TOP OF THE 4TH
Calgary Cowboys batting - Pitching for Houston Hammertime : RHP Norberto Méndez
Batting: LHB Al Ryan 0-0: Ground out 6-3 (Groundball, 6M)
Batting: RHB Ramón Martínez 0-0: Ball
1-0: Swinging Strike
1-1: Swinging Strike
1-2: Ball
2-2: Foul Ball, location: 2F
2-2: Strikes out swinging
Batting: RHB Jesús Hernández 0-0: Swinging Strike
0-1: Fly out, F8 (Flyball, 8LM)
Top of the 4th over - 0 run(s), 0 hit(s), 0 error(s), 0 left on base; Calgary 2 - Houston 2
BOTTOM OF THE 4TH
Houston Hammertime batting - Pitching for Calgary Cowboys : RHP Abraham Hes
Batting: RHB Gerald Burnett 0-0: DOUBLE (Flyball, 89XD)
Batting: RHB Emílio Carrillo 0-0: Ball
1-0: Swinging Strike
1-1: Swinging Strike
1-2: Ball
2-2: Foul Ball, location: 2F
2-2: SINGLE (Groundball, 34D)
Gerald Burnett to third
Batting: RHB Santo Cruz 0-0: Ball
1-0: Called Strike
1-1: Foul Ball, location: 2F
1-2: Foul Ball, location: 2F
1-2: Ball
2-2: DOUBLE (Line Drive, 5L)
Gerald Burnett scores
Emílio Carrillo to third
Runner from 3rd tries for Home, throw and OUT!
Batting: RHB Mario Beltrán 0-0: Ground out 1-3 (Groundball, 23)
Santo Cruz to third
Batting: LHB Fernando Camacho 0-0: Called Strike
0-1: Ball
1-1: Ball
2-1: Called Strike
2-2: Ball
3-2: Base on Balls
Batting: RHB John Pick 0-0: SINGLE (Groundball, 6M)
Santo Cruz scores
Fernando Camacho to second
Batting: LHB José Villegas 0-0: Ball
1-0: Called Strike
1-1: Foul Ball, location: 2F
1-2: Ball
2-2: Ball
3-2: SINGLE (Groundball, 4)
Fernando Camacho to third
John Pick to second
Fernando Camacho scores
John Pick to third
Batting: RHB Buck Jones 0-0: Ball
1-0: DOUBLE (Line Drive, 7LM)
John Pick scores
José Villegas to third
Batting: SHB Cristo Ontiveros 0-0: Ball
1-0: Ball
2-0: Ball
3-0: Called Strike
3-1: Foul Ball, location: 2F
3-2: Fly out, F9 (Flyball, 89S)
Bottom of the 4th over - 4 run(s), 6 hit(s), 0 error(s), 2 left on base; Calgary 2 - Houston 6
TOP OF THE 5TH
Calgary Cowboys batting - Pitching for Houston Hammertime : RHP Norberto Méndez
Batting: RHB Tom Yarbrough 0-0: Foul Ball, location: 2F
0-1: Foul Ball, location: 2F
0-2: Foul Ball, location: 2F
0-2: Ball
1-2: Ball
2-2: Fly out, F9 (Line Drive, 9D)
Batting: RHB Iain Liefting 0-0: Swinging Strike
0-1: Ground out 6-3 (Groundball, 6)
Batting: RHB Clark Hodge 0-0: Ball
1-0: Fly out, F3 (Popup, 34)
Top of the 5th over - 0 run(s), 0 hit(s), 0 error(s), 0 left on base; Calgary 2 - Houston 6
BOTTOM OF THE 5TH
Houston Hammertime batting - Pitching for Calgary Cowboys : RHP Abraham Hes
Batting: RHB Gerald Burnett 0-0: Ball
1-0: Ball
2-0: Ground out 4-3 (Groundball, 4)
Batting: RHB Emílio Carrillo 0-0: Called Strike
0-1: Foul Ball, location: 2F
0-2: Foul Ball, location: 2F
0-2: SINGLE (Line Drive, 3D)
Batting: RHB Santo Cruz 0-0: Ball
1-0: Ball
2-0: Ball
3-0: Base on Balls
Emílio Carrillo to second
Pitching: RHP Nick Ruby
Batting: RHB Mario Beltrán 0-0: Called Strike
0-1: Ball
1-1: Ball
Emílio Carrillo steals 3rd base
Santo Cruz to second
2-1: Foul Ball, location: 2F
2-2: Fly out, F7 (Flyball, 7LM)
Runner from 3rd tags up, SCORES, throw made
Batting: LHB Fernando Camacho 0-0: Foul Ball, location: 2F
0-1: Swinging Strike
0-2: Foul Ball, location: 2F
0-2: Ball
1-2: Ball
2-2: Ball
3-2: Foul Ball, location: 2F
3-2: SINGLE (Line Drive, 34)
Santo Cruz to third
Santo Cruz scores
Batting: RHB John Pick 0-0: Ball
1-0: Ball
2-0: Ball
3-0: Base on Balls
Fernando Camacho to second
Batting: LHB José Villegas 0-0: Called Strike
0-1: Ball
1-1: Ground out 6-3 (Groundball, 6)
Bottom of the 5th over - 2 run(s), 2 hit(s), 0 error(s), 2 left on base; Calgary 2 - Houston 8
TOP OF THE 6TH
Calgary Cowboys batting - Pitching for Houston Hammertime : RHP Norberto Méndez
Batting: LHB Donald Schultz 0-0: Called Strike
0-1: Foul Ball, location: 2F
0-2: SINGLE (Groundball, 34D) (infield hit)
Batting: RHB Dan Wyatt 0-0: Called Strike
0-1: Ball
1-1: Foul Ball, location: 2F
1-2: Foul Ball, location: 2F
1-2: Strikes out looking
Batting: RHB Cristián Peña 0-0: Grounds into double play, 4-6-3 (Groundball, 34)
Top of the 6th over - 0 run(s), 1 hit(s), 0 error(s), 0 left on base; Calgary 2 - Houston 8
BOTTOM OF THE 6TH
Houston Hammertime batting - Pitching for Calgary Cowboys : RHP Nick Ruby
Batting: RHB Buck Jones 0-0: Called Strike
0-1: Fly out, F8 (Flyball, 8RS)
Batting: SHB Cristo Ontiveros 0-0: Fly out, F8 (Flyball, 8LD)
Batting: RHB Gerald Burnett 0-0: SINGLE (Flyball, 7LS)
Batting: RHB Emílio Carrillo 0-0: Ball
1-0: Ball
2-0: DOUBLE (Flyball, 7M)
Gerald Burnett to third
Batting: RHB Santo Cruz 0-0: Foul Ball, location: 2F
0-1: Fly out, F8 (Flyball, 8RD)
Bottom of the 6th over - 0 run(s), 2 hit(s), 0 error(s), 2 left on base; Calgary 2 - Houston 8
TOP OF THE 7TH
Calgary Cowboys batting - Pitching for Houston Hammertime : RHP Norberto Méndez
Batting: LHB Al Ryan 0-0: Foul Ball, location: 2F
0-1: Ball
1-1: Ball
2-1: Foul Ball, location: 2F
2-2: Ball
3-2: Base on Balls
Batting: RHB Ramón Martínez 0-0: Fly out, F7 (Flyball, 7D)
Batting: RHB Jesús Hernández 0-0: Called Strike
0-1: Foul Ball, location: 2F
0-2: Ball
1-2: Ball
2-2: Ball
3-2: Grounds into double play, 1-6-3 (Groundball, 15S)
Top of the 7th over - 0 run(s), 0 hit(s), 0 error(s), 0 left on base; Calgary 2 - Houston 8
BOTTOM OF THE 7TH
Houston Hammertime batting - Pitching for Calgary Cowboys : RHP Nick Ruby
Batting: RHB Mario Beltrán 0-0: Ball
1-0: Ball
2-0: Ball
3-0: Called Strike
3-1: Base on Balls
Batting: LHB Fernando Camacho 0-0: Ball
1-0: Ball
2-0: Bunted foul
2-1: Sac Bunt - play at second, runner OUT! 5-6
Pitching: LHP Mario Rosário
Batting: RHB John Pick 0-0: Called Strike
0-1: 2-RUN HOME RUN (Flyball, 78XD), Distance : 389 ft
Batting: LHB José Villegas 0-0: Foul Ball, location: 2F
0-1: Foul Ball, location: 2F
0-2: Foul Ball, location: 2F
0-2: Ball
1-2: SINGLE (Line Drive, 4M)
Batting: RHB Buck Jones 0-0: Ball
1-0: Ball
2-0: DOUBLE (Line Drive, 9LM)
José Villegas to third
Batting: SHB Cristo Ontiveros 0-0: Ball
1-0: Ground out U3 (Groundball, 3)
Batting: RHB Gerald Burnett 0-0: Ball
1-0: Called Strike
1-1: Ball
Wild Pitch!
José Villegas scores
Buck Jones to third
2-1: Ball
3-1: Called Strike
3-2: Base on Balls
Batting: RHB Emílio Carrillo 0-0: Ball
1-0: Called Strike
1-1: Ball
2-1: SINGLE (Line Drive, 8RS)
Buck Jones scores
Gerald Burnett to second
Runner from 2nd tries for 3rd, SAFE, throw made to third
Pitching: RHP Aluizio Subgua
Batting: RHB Santo Cruz 0-0: Called Strike
0-1: Called Strike
0-2: Fly out, F9 (Flyball, 89M)
Bottom of the 7th over - 4 run(s), 4 hit(s), 0 error(s), 2 left on base; Calgary 2 - Houston 12
TOP OF THE 8TH
Calgary Cowboys batting - Pitching for Houston Hammertime : RHP Norberto Méndez
Batting: RHB Tom Yarbrough 0-0: Ball
1-0: Ball
2-0: Ball
3-0: Called Strike
3-1: SINGLE (Groundball, 6MD) (infield hit)
Pitching: RHP Ricardo Ontiveros
Batting: RHB Iain Liefting 0-0: Called Strike
0-1: Swinging Strike
0-2: Strikes out looking
Batting: RHB Clark Hodge 0-0: Ball
1-0: Ball
2-0: Foul Ball, location: 2F
2-1: Ball
3-1: Foul Ball, location: 2F
3-2: Strikes out swinging
Pinch Hitting: RHB Shayne Burry 0-0: Foul Ball, location: 2F
0-1: Foul Ball, location: 2F
0-2: Strikes out swinging
Top of the 8th over - 0 run(s), 1 hit(s), 0 error(s), 1 left on base; Calgary 2 - Houston 12
BOTTOM OF THE 8TH
Houston Hammertime batting - Pitching for Calgary Cowboys : RHP Aluizio Subgua
Now in RF: Júlio Soto
Batting: RHB Mario Beltrán 0-0: DOUBLE (Groundball, 5L)
Batting: LHB Fernando Camacho 0-0: Ball
Wild Pitch!
Mario Beltrán to third
1-0: Called Strike
1-1: Swinging Strike
1-2: Foul Ball, location: 2F
1-2: SINGLE (Flyball, 89S)
Mario Beltrán scores
Batting: RHB John Pick 0-0: Ball
1-0: Called Strike
1-1: Grounds into double play, 5-4-3 (Groundball, 56)
Pinch Hitting: LHB Jerry Ritchie 0-0: Ball
1-0: Ball
2-0: Called Strike
2-1: Ball
3-1: SINGLE (Groundball, 3D)
Batting: RHB Buck Jones 0-0: Fly out, F8 (Flyball, 8LM)
Bottom of the 8th over - 1 run(s), 3 hit(s), 0 error(s), 1 left on base; Calgary 2 - Houston 13
TOP OF THE 9TH
Calgary Cowboys batting - Pitching for Houston Hammertime : RHP Ricardo Ontiveros
Now in RF: Jerry Ritchie
Batting: RHB Dan Wyatt 0-0: Called Strike
0-1: Ball
1-1: Ground out 4-3 (Groundball, 13)
Batting: RHB Cristián Peña 0-0: Ball
1-0: Called Strike
1-1: DOUBLE (Flyball, 8LXD)
Batting: LHB Al Ryan 0-0: Swinging Strike
0-1: Swinging Strike
0-2: Strikes out looking
Batting: RHB Ramón Martínez 0-0: Ball
1-0: Called Strike
1-1: Foul Ball, location: 2F
1-2: Ball
2-2: Strikes out looking
Top of the 9th over - 0 run(s), 1 hit(s), 0 error(s), 1 left on base; Calgary 2 - Houston 13
This league is powered by Out of the Park Baseball, the baseball management simulation game for PC, Mac and Linux
Wednesday, December 2nd, 2015 - OOTP Baseball 16.8 Build 38